2887 views
Uploaded 2019-12-07 23:15:56
Game version 1.32.0.3 / 1.32.0.3.1
36:51 long 3on3 ladder game on (6)GnollWood
Saved by BEARAND
2887 views
Uploaded 2019-12-07 23:15:56
Game version 1.32.0.3 / 1.32.0.3.1
36:51 long 3on3 ladder game on (6)GnollWood


97 units @ 9.9k
/ 0.9k
216 buildings @ 17.7k
/ 9.5k



x1)
| Staff of Sanctuary | 3 | 750 |
| Scroll of Town Portal | 1 | 350 |
| Staff of Teleportation | 4 | 600 |
| Boots of Speed | 3 | 750 |
| Tome of Retraining | 1 | 300 |
| Periapt of Vitality | 1 | 325 |
| Circlet of Nobility | 1 | 175 |
| Healing Salve | 1 | 100 |
| Orb of Lightning | 4 | 1500 |
| total: | 19 | 4850g |
| Peasant | 26 | 1950 | / | 0 |
| Priest | 3 | 405 | / | 30 |
| Dragonhawk Rider | 2 | 400 | / | 60 |
| total: | 31 | 2755g | / | 90w |
| Scout Tower | 121 | 3630 | / | 2420 |
| Arcane Tower | 15 | 1050 | / | 750 |
| Guard Tower | 52 | 3640 | / | 2600 |
| Altar of Kings | 1 | 180 | / | 50 |
| Farm | 5 | 400 | / | 100 |
| Lumber Mill | 1 | 120 | / | 0 |
| Town Hall | 5 | 1925 | / | 1025 |
| Arcane Vault | 4 | 520 | / | 120 |
| Blacksmith | 1 | 140 | / | 60 |
| Barracks | 1 | 160 | / | 60 |
| Arcane Sanctum | 2 | 300 | / | 280 |
| Gryphon Aviary | 1 | 140 | / | 150 |
| Keep | 1 | 320 | / | 210 |
| Castle | 1 | 360 | / | 210 |
| total: | 142 | 7515g | / | 4265w |
| 0:01 | Peasant |
| 0:02 | Peasant |
| 0:08 | Altar of Kings |
| 0:19 | Farm |
| 0:21 | Peasant |
| 0:27 | Peasant |
| 0:35 | Farm |
| 0:42 | Peasant |
| 0:51 | Scout Tower |
| 0:58 | Peasant |
| 1:04 | Lumber Mill |
| 1:20 | Peasant |
| 1:36 | Peasant |
| 1:40 | Arcane Tower |
| 1:41 | Scout Tower |
| 1:42 | Peasant |
| 1:46 | Scout Tower |
| 1:46 | Peasant |
| 1:46 | Peasant |
| 2:00 | Peasant |
| 2:06 | Guard Tower |
| 2:08 | Summon Water Elemental |
| 2:17 | Peasant |
| 2:44 | Peasant |
| 2:45 | Guard Tower |
| 2:46 | Scout Tower |
| 2:47 | Scout Tower |
| 2:48 | Scout Tower |
| 3:13 | Guard Tower |
| 3:35 | Scout Tower |
| 3:36 | Peasant |
| 3:37 | Peasant |
| 3:39 | Keep |
| 3:40 | Improved Masonry |
| 3:47 | Guard Tower |
| 3:52 | Staff of Teleportation |
| 3:57 | Boots of Speed |
| 4:01 | Advanced Masonry |
| 4:20 | Guard Tower |
| 4:21 | Scout Tower |
| 4:22 | Scout Tower |
| 4:22 | Scout Tower |
| 4:22 | Scout Tower |
| 4:23 | Scout Tower |
| 4:24 | Scout Tower |
| 4:25 | Scout Tower |
| 4:25 | Scout Tower |
| 4:25 | Scout Tower |
| 4:26 | Scout Tower |
| 4:31 | Farm |
| 4:52 | Guard Tower |
| 4:55 | Farm |
| 5:17 | Guard Tower |
| 5:39 | Brilliance Aura |
| 5:44 | Guard Tower |
| 6:55 | Town Hall |
| 6:58 | Scout Tower |
| 6:58 | Scout Tower |
| 6:59 | Scout Tower |
| 6:59 | Scout Tower |
| 7:01 | Scout Tower |
| 7:01 | Scout Tower |
| 7:02 | Scout Tower |
| 7:02 | Scout Tower |
| 7:03 | Scout Tower |
| 7:03 | Scout Tower |
| 7:03 | Scout Tower |
| 7:04 | Scout Tower |
| 7:08 | Storm Bolt |
| 7:55 | Guard Tower |
| 7:58 | Peasant |
| 7:58 | Peasant |
| 7:59 | Peasant |
| 7:59 | Peasant |
| 7:59 | Peasant |
| 8:25 | Guard Tower |
| 8:32 | Guard Tower |
| 8:33 | Guard Tower |
| 8:48 | Guard Tower |
| 9:31 | Guard Tower |
| 9:33 | Scout Tower |
| 9:33 | Scout Tower |
| 9:34 | Scout Tower |
| 9:34 | Scout Tower |
| 9:37 | Arcane Vault |
| 9:44 | Arcane Sanctum |
| 10:18 | Castle |
| 10:26 | Peasant |
| 10:26 | Peasant |
| 10:26 | Peasant |
| 10:26 | Peasant |
| 10:26 | Peasant |
| 10:36 | Farm |
| 10:52 | Healing Salve |
| 11:02 | Magic Sentry |
| 11:03 | Priest |
| 11:04 | Priest |
| 11:05 | Guard Tower |
| 11:08 | Arcane Vault |
| 11:11 | Scout Tower |
| 11:11 | Scout Tower |
| 11:12 | Scout Tower |
| 11:12 | Scout Tower |
| 11:13 | Scout Tower |
| 11:13 | Scout Tower |
| 11:14 | Scout Tower |
| 11:14 | Scout Tower |
| 11:16 | Improved Lumber Harvesting |
| 11:19 | Boots of Speed |
| 11:19 | Staff of Teleportation |
| 11:29 | Staff of Teleportation |
| 11:46 | Tome of Retraining |
| 11:46 | Retrain Hero |
| 11:47 | Blizzard |
| 11:47 | Brilliance Aura |
| 12:24 | Blizzard |
| 12:29 | Bash |
| 13:00 | Scout Tower |
| 13:00 | Scout Tower |
| 13:01 | Scout Tower |
| 13:01 | Scout Tower |
| 13:03 | Scout Tower |
| 13:03 | Scout Tower |
| 13:03 | Scout Tower |
| 13:04 | Guard Tower |
| 13:05 | Arcane Tower |
| 13:06 | Arcane Tower |
| 13:06 | Guard Tower |
| 13:26 | Guard Tower |
| 13:48 | Holy Light |
| 13:49 | Staff of Sanctuary |
| 14:02 | Arcane Tower |
| 14:12 | Boots of Speed |
| 14:12 | Staff of Teleportation |
| 14:44 | Scout Tower |
| 14:44 | Scout Tower |
| 14:45 | Scout Tower |
| 14:45 | Scout Tower |
| 14:45 | Scout Tower |
| 14:46 | Scout Tower |
| 14:47 | Scout Tower |
| 14:47 | Scout Tower |
| 14:49 | Advanced Lumber Harvesting |
| 14:49 | Imbued Masonry |
| 15:48 | Scout Tower |
| 15:48 | Scout Tower |
| 15:49 | Scout Tower |
| 15:49 | Scout Tower |
| 15:50 | Scout Tower |
| 15:50 | Scout Tower |
| 15:51 | Scout Tower |
| 15:52 | Scout Tower |
| 15:53 | Scout Tower |
| 15:54 | Scout Tower |
| 15:54 | Scout Tower |
| 15:54 | Scout Tower |
| 15:55 | Scout Tower |
| 15:55 | Scout Tower |
| 16:04 | Guard Tower |
| 16:08 | Arcane Tower |
| 16:09 | Guard Tower |
| 16:10 | Arcane Tower |
| 16:10 | Guard Tower |
| 16:11 | Guard Tower |
| 16:18 | Scout Tower |
| 16:18 | Scout Tower |
| 16:19 | Scout Tower |
| 16:19 | Scout Tower |
| 16:20 | Scout Tower |
| 16:20 | Scout Tower |
| 16:21 | Scout Tower |
| 16:22 | Guard Tower |
| 16:25 | Guard Tower |
| 16:26 | Guard Tower |
| 16:57 | Guard Tower |
| 17:40 | Guard Tower |
| 17:43 | Guard Tower |
| 18:22 | Scroll of Town Portal |
| 18:25 | Guard Tower |
| 18:26 | Guard Tower |
| 18:33 | Town Hall |
| 18:36 | Scout Tower |
| 18:36 | Scout Tower |
| 18:37 | Scout Tower |
| 18:38 | Scout Tower |
| 18:39 | Scout Tower |
| 18:39 | Scout Tower |
| 18:40 | Scout Tower |
| 18:40 | Scout Tower |
| 18:41 | Scout Tower |
| 18:42 | Scout Tower |
| 18:43 | Scout Tower |
| 18:44 | Scout Tower |
| 18:44 | Scout Tower |
| 18:45 | Guard Tower |
| 19:34 | Guard Tower |
| 19:42 | Scout Tower |
| 19:42 | Scout Tower |
| 19:43 | Scout Tower |
| 19:43 | Scout Tower |
| 19:44 | Scout Tower |
| 19:44 | Scout Tower |
| 19:48 | Guard Tower |
| 19:57 | Staff of Sanctuary |
| 20:10 | Guard Tower |
| 20:17 | Guard Tower |
| 20:24 | Arcane Vault |
| 20:34 | Town Hall |
| 20:35 | Guard Tower |
| 20:38 | Orb of Lightning |
| 20:38 | Orb of Lightning |
| 20:43 | Guard Tower |
| 20:53 | Guard Tower |
| 20:59 | Orb of Lightning |
| 20:59 | Orb of Lightning |
| 21:07 | Town Hall |
| 21:36 | Scout Tower |
| 21:36 | Scout Tower |
| 21:36 | Scout Tower |
| 21:37 | Scout Tower |
| 21:37 | Scout Tower |
| 21:50 | Arcane Vault |
| 21:52 | Scout Tower |
| 21:53 | Scout Tower |
| 23:19 | Gryphon Aviary |
| 23:23 | Blacksmith |
| 23:24 | Barracks |
| 24:06 | Guard Tower |
| 24:16 | Arcane Tower |
| 24:55 | Staff of Sanctuary |
| 25:13 | Scout Tower |
| 25:13 | Scout Tower |
| 25:20 | Periapt of Vitality |
| 25:25 | Circlet of Nobility |
| 25:51 | Guard Tower |
| 25:55 | Town Hall |
| 26:17 | Divine Shield |
| 27:10 | Animal War Training |
| 27:11 | Dragonhawk Rider |
| 27:11 | Dragonhawk Rider |
| 27:11 | Iron Forged Swords |
| 27:12 | Studded Leather Armor |
| 27:31 | Scout Tower |
| 27:31 | Scout Tower |
| 27:31 | Scout Tower |
| 27:32 | Scout Tower |
| 27:32 | Scout Tower |
| 27:32 | Scout Tower |
| 28:03 | Scout Tower |
| 28:34 | Brilliance Aura |
| 28:40 | Guard Tower |
| 28:42 | Scout Tower |
| 28:43 | Scout Tower |
| 28:43 | Scout Tower |
| 28:43 | Scout Tower |
| 29:14 | Storm Bolt |
| 29:20 | Arcane Tower |
| 30:12 | Arcane Tower |
| 30:12 | Arcane Tower |
| 30:12 | Arcane Tower |
| 30:15 | Priest Adept Training |
| 30:16 | Priest |
| 30:20 | Guard Tower |
| 30:23 | Guard Tower |
| 30:28 | Guard Tower |
| 30:29 | Scout Tower |
| 30:30 | Scout Tower |
| 30:31 | Scout Tower |
| 30:32 | Scout Tower |
| 30:32 | Scout Tower |
| 31:15 | Holy Light |
| 31:18 | Guard Tower |
| 31:45 | Guard Tower |
| 31:54 | Arcane Sanctum |
| 31:59 | Guard Tower |
| 32:49 | Guard Tower |
| 33:07 | Priest Master Training |
| 33:08 | Sorceress Adept Training |
| 34:12 | Bash |
| 36:42 | Brilliance Aura |
| Right click | 2937 |
| Select | 810 |
| Chat | 763 |
| Select group | 606 |
| Build/train/purchase | 278 |
| Use ability | 109 |
| Minimap ping | 27 |
| Misc. action | 24 |
| Assign group | 18 |
| Item give/drop | 7 |
| Remove unit | 6 |
IcebergSlim
(36:48) : 


| Healing Salve | 3 | 300 |
| Orb of Lightning | 1 | 375 |
| Boots of Speed | 3 | 750 |
| Staff of Teleportation | 3 | 450 |
| Staff of Sanctuary | 2 | 500 |
| total: | 12 | 2375g |
| Peon | 13 | 975 | / | 0 |
| Troll Batrider | 6 | 960 | / | 240 |
| total: | 19 | 1935g | / | 240w |
| Watch Tower | 31 | 3410 | / | 2480 |
| Altar of Storms | 3 | 540 | / | 150 |
| Orc Burrow | 4 | 640 | / | 160 |
| War Mill | 1 | 205 | / | 0 |
| Voodoo Lounge | 3 | 390 | / | 90 |
| Barracks | 1 | 180 | / | 50 |
| Beastiary | 2 | 290 | / | 280 |
| Stronghold | 1 | 315 | / | 190 |
| Fortress | 1 | 325 | / | 190 |
| total: | 45 | 5655g | / | 3210w |
| 0:02 | Peon |
| 0:02 | Peon |
| 0:07 | Altar of Storms |
| 0:18 | Orc Burrow |
| 0:30 | Peon |
| 0:37 | Peon |
| 0:48 | War Mill |
| 0:53 | Peon |
| 1:07 | Voodoo Lounge |
| 1:14 | Peon |
| 1:23 | Peon |
| 1:39 | Orc Burrow |
| 1:44 | Peon |
| 2:05 | Watch Tower |
| 2:10 | Wind Walk |
| 2:13 | Healing Salve |
| 2:20 | Peon |
| 2:35 | Watch Tower |
| 3:04 | Watch Tower |
| 3:06 | Peon |
| 3:06 | Peon |
| 3:18 | Watch Tower |
| 3:36 | Peon |
| 3:36 | Peon |
| 3:39 | Watch Tower |
| 3:41 | Watch Tower |
| 4:04 | Boots of Speed |
| 4:20 | Staff of Teleportation |
| 4:53 | Stronghold |
| 5:16 | Watch Tower |
| 5:31 | Orc Burrow |
| 5:40 | Critical Strike |
| 5:59 | Watch Tower |
| 6:01 | Watch Tower |
| 6:30 | Watch Tower |
| 6:33 | Watch Tower |
| 7:06 | Watch Tower |
| 7:08 | Watch Tower |
| 7:34 | Watch Tower |
| 7:56 | Watch Tower |
| 8:06 | Spiked Barricades |
| 8:07 | Reinforced Defenses |
| 8:15 | Hex |
| 8:19 | Watch Tower |
| 8:23 | Watch Tower |
| 8:28 | Boots of Speed |
| 8:35 | Staff of Teleportation |
| 8:50 | Watch Tower |
| 9:28 | Fortress |
| 9:45 | Watch Tower |
| 10:05 | Watch Tower |
| 10:10 | Voodoo Lounge |
| 10:16 | Wind Walk |
| 10:24 | Voodoo Lounge |
| 10:51 | Watch Tower |
| 11:09 | Barracks |
| 11:12 | Improved Spiked Barricades |
| 12:39 | Watch Tower |
| 12:41 | Watch Tower |
| 13:03 | Watch Tower |
| 13:25 | Frost Arrows |
| 13:31 | Staff of Sanctuary |
| 13:47 | Watch Tower |
| 13:59 | Orb of Lightning |
| 14:05 | Boots of Speed |
| 14:06 | Staff of Teleportation |
| 14:12 | Healing Salve |
| 15:38 | Watch Tower |
| 15:56 | Healing Wave |
| 16:10 | Altar of Storms |
| 18:39 | Forked Lightning |
| 18:50 | Critical Strike |
| 18:54 | Watch Tower |
| 20:04 | Staff of Sanctuary |
| 22:59 | Frost Arrows |
| 23:11 | Altar of Storms |
| 23:34 | Beastiary |
| 23:36 | Beastiary |
| 23:38 | Orc Burrow |
| 24:33 | Critical Strike |
| 24:41 | Liquid Fire |
| 24:43 | Watch Tower |
| 24:48 | Healing Salve |
| 24:54 | Watch Tower |
| 25:15 | Troll Batrider |
| 25:48 | Troll Batrider |
| 25:58 | Troll Batrider |
| 26:00 | Troll Batrider |
| 26:30 | Troll Batrider |
| 26:31 | Troll Batrider |
| 29:47 | Healing Wave |
| 32:41 | Bladestorm |
| 32:42 | Hex |
| 33:36 | Forked Lightning |
| 34:40 | Watch Tower |
| 35:07 | Watch Tower |
| Right click | 2818 |
| Select | 672 |
| Select group | 502 |
| Misc. action | 197 |
| Use ability | 93 |
| Build/train/purchase | 89 |
| Chat | 55 |
| Assign group | 9 |
| Item give/drop | 5 |
| Minimap ping | 5 |
| Resource trade | 5 |
| Esc | 1 |

| Wisp | 24 | 1440 | / | 0 |
| Archer | 7 | 910 | / | 70 |
| Huntress | 4 | 780 | / | 80 |
| Glaive Thrower | 4 | 840 | / | 260 |
| Hippogryph | 8 | 1280 | / | 160 |
| total: | 47 | 5250g | / | 570w |
| Ancient Protector | 13 | 1755 | / | 1040 |
| Altar of Elders | 1 | 180 | / | 50 |
| Moon Well | 10 | 1800 | / | 400 |
| Ancient of War | 2 | 300 | / | 120 |
| Hunter's Hall | 1 | 210 | / | 100 |
| Ancient of Wind | 2 | 300 | / | 280 |
| Tree of Ages | 1 | 320 | / | 180 |
| total: | 29 | 4545g | / | 1990w |
| 0:05 | Wisp |
| 0:06 | Wisp |
| 0:06 | Wisp |
| 0:07 | Wisp |
| 0:12 | Altar of Elders |
| 0:19 | Moon Well |
| 0:28 | Wisp |
| 0:45 | Wisp |
| 1:01 | Ancient of War |
| 1:07 | Wisp |
| 1:28 | Wisp |
| 1:28 | Wisp |
| 1:33 | Moon Well |
| 2:03 | Archer |
| 2:04 | Archer |
| 2:05 | Archer |
| 2:20 | Immolation |
| 2:30 | Moon Well |
| 3:00 | Archer |
| 3:05 | Hunter's Hall |
| 3:18 | Moon Well |
| 4:08 | Evasion |
| 4:20 | Ancient Protector |
| 4:25 | Ancient of War |
| 4:26 | Strength of the Moon |
| 4:27 | Moon Armor |
| 4:33 | Archer |
| 4:33 | Archer |
| 5:27 | Wisp |
| 5:27 | Wisp |
| 5:49 | Ancient Protector |
| 5:51 | Wisp |
| 6:18 | Tree of Ages |
| 6:23 | Huntress |
| 7:05 | Huntress |
| 7:51 | Evasion |
| 8:14 | Moon Well |
| 8:18 | Moon Well |
| 8:21 | Ultravision |
| 8:49 | Moon Glaive |
| 8:49 | Improved Bows |
| 9:20 | Moon Well |
| 9:22 | Wisp |
| 9:22 | Wisp |
| 9:31 | Ancient of Wind |
| 9:37 | Ancient of Wind |
| 9:40 | Strength of the Wild |
| 9:42 | Reinforced Hides |
| 9:43 | Wisp |
| 9:43 | Wisp |
| 10:50 | Immolation |
| 10:56 | Glaive Thrower |
| 10:56 | Vorpal Blades |
| 11:06 | Moon Well |
| 11:28 | Glaive Thrower |
| 11:30 | Improved Strength of the Moon |
| 12:02 | Moon Well |
| 13:03 | Moon Well |
| 13:43 | Ancient Protector |
| 13:45 | Wisp |
| 13:45 | Wisp |
| 13:45 | Wisp |
| 13:56 | Archer |
| 14:08 | Ancient Protector |
| 14:30 | Hippogryph |
| 14:30 | Hippogryph |
| 14:51 | Ancient Protector |
| 16:03 | Hippogryph |
| 16:45 | Hippogryph |
| 18:46 | Ancient Protector |
| 18:49 | Ancient Protector |
| 18:52 | Ancient Protector |
| 18:56 | Ancient Protector |
| 19:01 | Ancient Protector |
| 19:22 | Ancient Protector |
| 19:39 | Ancient Protector |
| 19:53 | Wisp |
| 19:53 | Wisp |
| 19:53 | Wisp |
| 19:54 | Wisp |
| 19:54 | Wisp |
| 20:24 | Hippogryph |
| 20:24 | Hippogryph |
| 20:24 | Hippogryph |
| 21:31 | Improved Moon Armor |
| 21:48 | Ancient Protector |
| 23:37 | Evasion |
| 25:15 | Hippogryph |
| 25:38 | Huntress |
| 25:40 | Glaive Thrower |
| 25:47 | Improved Reinforced Hides |
| 28:56 | Huntress |
| 28:58 | Glaive Thrower |
| 29:07 | Sentinel |
| 31:38 | Immolation |
| 35:56 | Metamorphosis |
| Right click | 1318 |
| Select | 718 |
| Chat | 192 |
| Misc. action | 149 |
| Build/train/purchase | 115 |
| Use ability | 22 |
| Remove unit | 1 |
169 units @ 21.4k
/ 2.7k
110 buildings @ 13.9k
/ 7k
Seckzydevil
(36:48) : 
| Boots of Speed | 1 | 250 |
| total: | 1 | 250g |
| Wisp | 64 | 3840 | / | 0 |
| Archer | 16 | 2080 | / | 160 |
| Glaive Thrower | 16 | 3360 | / | 1040 |
| Footman | 7 | 945 | / | 0 |
| Priest | 7 | 945 | / | 70 |
| total: | 110 | 11170g | / | 1270w |
| Ancient Protector | 46 | 6210 | / | 3680 |
| Moon Well | 4 | 720 | / | 160 |
| Altar of Elders | 1 | 180 | / | 50 |
| Ancient of War | 5 | 750 | / | 300 |
| Hunter's Hall | 1 | 210 | / | 100 |
| Tree of Life | 1 | 340 | / | 185 |
| Tree of Ages | 1 | 320 | / | 180 |
| Tree of Eternity | 1 | 330 | / | 200 |
| total: | 58 | 8410g | / | 4475w |
| 0:03 | Wisp |
| 0:03 | Wisp |
| 0:03 | Wisp |
| 0:04 | Wisp |
| 0:04 | Wisp |
| 0:19 | Moon Well |
| 0:28 | Moon Well |
| 0:50 | Wisp |
| 0:50 | Wisp |
| 1:21 | Altar of Elders |
| 1:28 | Ancient of War |
| 1:35 | Wisp |
| 1:35 | Wisp |
| 1:46 | Moon Well |
| 2:12 | Wisp |
| 2:13 | Wisp |
| 2:13 | Wisp |
| 2:16 | Wisp |
| 2:22 | Wisp |
| 2:32 | Archer |
| 2:35 | Archer |
| 2:37 | Wisp |
| 2:52 | Wisp |
| 3:00 | Archer |
| 3:17 | Hunter's Hall |
| 3:32 | Ancient of War |
| 3:49 | Moon Well |
| 4:29 | Ultravision |
| 4:32 | Strength of the Moon |
| 4:32 | Moon Armor |
| 4:53 | Tree of Ages |
| 5:07 | Ancient Protector |
| 5:13 | Ancient Protector |
| 5:16 | Force of Nature |
| 5:58 | Archer |
| 5:58 | Archer |
| 7:13 | Wisp |
| 7:13 | Wisp |
| 7:13 | Wisp |
| 7:13 | Wisp |
| 7:21 | Ancient Protector |
| 7:22 | Ancient Protector |
| 7:24 | Ancient Protector |
| 7:25 | Ancient Protector |
| 7:27 | Ancient Protector |
| 8:15 | Archer |
| 8:15 | Archer |
| 8:29 | Nature's Blessing |
| 8:52 | Improved Strength of the Moon |
| 9:04 | Tree of Life |
| 9:27 | Improved Bows |
| 9:28 | Archer |
| 9:38 | Advanced Strength of the Moon |
| 10:15 | Boots of Speed |
| 11:07 | Wisp |
| 11:07 | Wisp |
| 11:07 | Wisp |
| 11:08 | Wisp |
| 11:08 | Wisp |
| 11:13 | Archer |
| 12:24 | Archer |
| 12:24 | Archer |
| 12:26 | Wisp |
| 12:26 | Wisp |
| 12:27 | Wisp |
| 12:28 | Wisp |
| 13:15 | Ancient Protector |
| 13:16 | Ancient Protector |
| 13:55 | Tree of Eternity |
| 14:02 | Ancient Protector |
| 14:05 | Ancient Protector |
| 14:43 | Archer |
| 14:43 | Archer |
| 14:53 | Wisp |
| 14:55 | Wisp |
| 15:20 | Wisp |
| 15:20 | Wisp |
| 15:20 | Wisp |
| 15:21 | Wisp |
| 16:14 | Ancient Protector |
| 16:14 | Ancient Protector |
| 16:15 | Ancient Protector |
| 16:16 | Ancient Protector |
| 16:18 | Marksmanship |
| 16:18 | Archer |
| 17:04 | Archer |
| 17:04 | Archer |
| 17:07 | Well Spring |
| 17:11 | Wisp |
| 17:11 | Wisp |
| 18:37 | Moon Glaive |
| 18:37 | Sentinel |
| 18:42 | Wisp |
| 18:42 | Wisp |
| 18:42 | Wisp |
| 18:42 | Wisp |
| 18:43 | Wisp |
| 18:43 | Wisp |
| 19:38 | Ancient Protector |
| 19:38 | Ancient Protector |
| 19:40 | Ancient Protector |
| 19:40 | Ancient Protector |
| 19:51 | Ancient Protector |
| 19:52 | Ancient Protector |
| 19:52 | Ancient Protector |
| 19:53 | Ancient Protector |
| 19:54 | Ancient Protector |
| 21:53 | Wisp |
| 21:54 | Wisp |
| 21:55 | Wisp |
| 21:55 | Wisp |
| 21:55 | Wisp |
| 21:55 | Wisp |
| 21:55 | Wisp |
| 22:04 | Ancient Protector |
| 22:05 | Ancient Protector |
| 22:05 | Ancient Protector |
| 22:06 | Ancient Protector |
| 22:06 | Ancient Protector |
| 22:07 | Ancient Protector |
| 22:07 | Ancient Protector |
| 22:08 | Ancient Protector |
| 22:28 | Thorns Aura |
| 24:38 | Glaive Thrower |
| 24:38 | Glaive Thrower |
| 24:38 | Glaive Thrower |
| 24:38 | Glaive Thrower |
| 24:43 | Vorpal Blades |
| 24:44 | Glaive Thrower |
| 24:44 | Glaive Thrower |
| 24:44 | Glaive Thrower |
| 24:44 | Glaive Thrower |
| 24:44 | Glaive Thrower |
| 24:44 | Glaive Thrower |
| 24:46 | Glaive Thrower |
| 24:51 | Ancient of War |
| 24:52 | Ancient of War |
| 24:53 | Ancient of War |
| 25:21 | Ancient Protector |
| 25:21 | Ancient Protector |
| 25:22 | Ancient Protector |
| 25:23 | Ancient Protector |
| 25:24 | Ancient Protector |
| 25:27 | Wisp |
| 25:27 | Wisp |
| 25:27 | Wisp |
| 25:27 | Wisp |
| 25:27 | Wisp |
| 25:27 | Wisp |
| 25:28 | Wisp |
| 25:43 | Wisp |
| 25:43 | Wisp |
| 25:43 | Wisp |
| 25:44 | Wisp |
| 25:44 | Wisp |
| 25:44 | Wisp |
| 25:44 | Wisp |
| 26:14 | Glaive Thrower |
| 26:14 | Glaive Thrower |
| 26:45 | Ancient Protector |
| 28:45 | Ancient Protector |
| 28:47 | Ancient Protector |
| 28:48 | Ancient Protector |
| 28:49 | Ancient Protector |
| 31:26 | Glaive Thrower |
| 34:40 | Ancient Protector |
| 34:41 | Ancient Protector |
| 34:42 | Ancient Protector |
| 34:43 | Ancient Protector |
| 34:52 | Glaive Thrower |
| 34:53 | Glaive Thrower |
| 35:00 | Footman |
| 35:00 | Footman |
| 35:00 | Footman |
| 35:00 | Footman |
| 35:01 | Footman |
| 35:01 | Footman |
| 35:01 | Footman |
| 35:05 | Priest |
| 35:05 | Priest |
| 35:05 | Priest |
| 35:05 | Priest |
| 35:05 | Priest |
| 35:05 | Priest |
| 35:06 | Priest |
| Select | 538 |
| Right click | 384 |
| Build/train/purchase | 197 |
| Misc. action | 151 |
| Resource trade | 96 |
| Use ability | 92 |
| Select group | 56 |
| Chat | 38 |
| Esc | 21 |
| Assign group | 19 |
| Minimap ping | 5 |


| Healing Salve | 4 | 400 |
| Lesser Clarity Potion | 1 | 70 |
| Boots of Speed | 1 | 250 |
| Potion of Lesser Invulnerability | 1 | 150 |
| total: | 7 | 870g |
| Peon | 8 | 600 | / | 0 |
| Wind Rider | 14 | 3710 | / | 560 |
| Raider | 1 | 180 | / | 40 |
| Demolisher | 2 | 440 | / | 100 |
| total: | 25 | 4930g | / | 700w |
| Watch Tower | 8 | 880 | / | 640 |
| Altar of Storms | 1 | 180 | / | 50 |
| Orc Burrow | 6 | 960 | / | 240 |
| Voodoo Lounge | 1 | 130 | / | 30 |
| War Mill | 1 | 205 | / | 0 |
| Barracks | 2 | 360 | / | 100 |
| Beastiary | 2 | 290 | / | 280 |
| Stronghold | 1 | 315 | / | 190 |
| Fortress | 1 | 325 | / | 190 |
| total: | 21 | 3005g | / | 1340w |
| 0:03 | Peon |
| 0:03 | Peon |
| 0:27 | Altar of Storms |
| 0:29 | Orc Burrow |
| 0:35 | Peon |
| 0:40 | Peon |
| 0:58 | Voodoo Lounge |
| 1:43 | Peon |
| 1:58 | War Mill |
| 2:02 | Peon |
| 2:03 | Peon |
| 2:10 | Orc Burrow |
| 2:23 | Peon |
| 2:26 | Healing Salve |
| 2:28 | Lesser Clarity Potion |
| 2:31 | Wind Walk |
| 3:35 | Watch Tower |
| 3:37 | Watch Tower |
| 3:44 | Stronghold |
| 4:10 | Watch Tower |
| 4:17 | Watch Tower |
| 5:19 | Orc Burrow |
| 5:46 | Spiked Barricades |
| 6:08 | Fortress |
| 6:32 | Beastiary |
| 6:35 | Beastiary |
| 7:24 | Boots of Speed |
| 7:54 | Wind Rider |
| 7:54 | Wind Rider |
| 7:57 | Orc Burrow |
| 8:04 | Steel Ranged Weapons |
| 8:31 | Envenomed Spears |
| 8:31 | Wind Rider |
| 9:23 | Critical Strike |
| 9:32 | Healing Salve |
| 9:58 | Wind Rider |
| 10:07 | Orc Burrow |
| 10:10 | Watch Tower |
| 10:13 | Thorium Ranged Weapons |
| 10:42 | Wind Rider |
| 11:14 | Orc Burrow |
| 11:22 | Wind Rider |
| 11:52 | Potion of Lesser Invulnerability |
| 12:21 | Wind Rider |
| 13:11 | Wind Rider |
| 13:26 | Arcanite Ranged Weapons |
| 14:29 | Wind Rider |
| 15:13 | Critical Strike |
| 16:10 | Wind Rider |
| 18:11 | Wind Walk |
| 18:32 | Raider |
| 18:33 | Wind Rider |
| 19:16 | Barracks |
| 19:18 | Barracks |
| 19:46 | Wind Rider |
| 19:52 | Healing Salve |
| 20:24 | Demolisher |
| 22:27 | Wind Rider |
| 22:29 | Healing Salve |
| 24:01 | Demolisher |
| 27:14 | Wind Rider |
| 27:45 | Watch Tower |
| 27:46 | Watch Tower |
| 27:49 | Watch Tower |
| 29:19 | Steel Armor |
| 31:39 | Critical Strike |
| 31:41 | Healing Wave |
| Right click | 1992 |
| Select | 480 |
| Chat | 133 |
| Build/train/purchase | 110 |
| Misc. action | 22 |
| Select group | 22 |
| Use ability | 15 |
| Resource trade | 13 |
| Minimap ping | 7 |
| Assign group | 5 |
| Item give/drop | 2 |
| Esc | 2 |
| Remove unit | 1 |



| Peasant | 5 | 375 | / | 0 |
| Footman | 8 | 1080 | / | 0 |
| Sorceress | 6 | 930 | / | 120 |
| Priest | 5 | 675 | / | 50 |
| Knight | 5 | 1225 | / | 300 |
| Siege Engine | 5 | 975 | / | 300 |
| total: | 34 | 5260g | / | 770w |
| Scout Tower | 11 | 330 | / | 220 |
| Guard Tower | 9 | 630 | / | 450 |
| Altar of Kings | 1 | 180 | / | 50 |
| Barracks | 1 | 160 | / | 60 |
| Farm | 12 | 960 | / | 240 |
| Lumber Mill | 1 | 120 | / | 0 |
| Blacksmith | 1 | 140 | / | 60 |
| Arcane Sanctum | 3 | 450 | / | 420 |
| Workshop | 1 | 140 | / | 140 |
| Keep | 1 | 320 | / | 210 |
| Castle | 1 | 360 | / | 210 |
| total: | 31 | 2480g | / | 1190w |
| 0:04 | Peasant |
| 0:05 | Peasant |
| 0:09 | Altar of Kings |
| 0:16 | Barracks |
| 0:27 | Farm |
| 0:40 | Peasant |
| 1:30 | Farm |
| 1:31 | Footman |
| 1:31 | Footman |
| 1:36 | Peasant |
| 1:53 | Footman |
| 2:07 | Peasant |
| 2:09 | Footman |
| 2:14 | Holy Light |
| 2:32 | Lumber Mill |
| 2:41 | Footman |
| 2:58 | Farm |
| 3:37 | Footman |
| 3:40 | Scout Tower |
| 3:46 | Scout Tower |
| 4:29 | Scout Tower |
| 4:37 | Keep |
| 4:38 | Footman |
| 4:38 | Footman |
| 6:21 | Farm |
| 6:23 | Guard Tower |
| 7:04 | Devotion Aura |
| 7:20 | Castle |
| 7:24 | Farm |
| 7:32 | Blacksmith |
| 8:08 | Improved Lumber Harvesting |
| 8:17 | Arcane Sanctum |
| 8:25 | Arcane Sanctum |
| 8:41 | Arcane Sanctum |
| 8:46 | Scout Tower |
| 9:09 | Defend |
| 9:35 | Guard Tower |
| 9:41 | Sorceress |
| 9:42 | Priest |
| 9:52 | Sorceress |
| 9:53 | Priest |
| 10:01 | Farm |
| 10:03 | Knight |
| 10:14 | Brilliance Aura |
| 10:20 | Sorceress Adept Training |
| 10:22 | Priest Adept Training |
| 11:50 | Holy Light |
| 12:01 | Sorceress Master Training |
| 12:41 | Priest Master Training |
| 12:44 | Knight |
| 12:45 | Priest |
| 12:46 | Sorceress |
| 13:29 | Sorceress |
| 13:29 | Priest |
| 14:00 | Scout Tower |
| 14:09 | Scout Tower |
| 14:33 | Farm |
| 15:12 | Guard Tower |
| 15:17 | Scout Tower |
| 15:21 | Scout Tower |
| 15:41 | Guard Tower |
| 15:47 | Guard Tower |
| 15:56 | Guard Tower |
| 16:13 | Magic Sentry |
| 16:30 | Scout Tower |
| 16:34 | Farm |
| 16:36 | Animal War Training |
| 16:38 | Iron Forged Swords |
| 16:40 | Iron Plating |
| 17:03 | Scout Tower |
| 18:57 | Guard Tower |
| 18:58 | Knight |
| 18:58 | Knight |
| 19:00 | Sorceress |
| 19:01 | Priest |
| 19:31 | Sorceress |
| 19:34 | Advanced Lumber Harvesting |
| 19:53 | Knight |
| 20:07 | Guard Tower |
| 20:20 | Scout Tower |
| 20:35 | Steel Plating |
| 20:35 | Steel Forged Swords |
| 20:59 | Sundering Blades |
| 21:27 | Guard Tower |
| 21:36 | Workshop |
| 23:24 | Farm |
| 24:09 | Devotion Aura |
| 24:59 | Siege Engine |
| 25:02 | Siege Engine |
| 25:06 | Farm |
| 26:12 | Farm |
| 26:44 | Siege Engine |
| 26:51 | Black Gunpowder |
| 26:52 | Studded Leather Armor |
| 27:03 | Storm Bolt |
| 28:08 | Siege Engine |
| 28:08 | Siege Engine |
| 29:23 | Farm |
| Right click | 589 |
| Select | 405 |
| Build/train/purchase | 78 |
| Misc. action | 39 |
| Use ability | 11 |
| Assign group | 10 |
| Esc | 3 |
⇛